 Dungeon Crawl Stone Soup version 0.22.1-6-g1668fe2 (webtiles) character file.

114 dengdeng the Slasher (level 4, -2/40 HPs)
             Began as a Minotaur Berserker on Jan 28, 2019.
             Was a Believer of Trog.
             Slain by Sigmund
             ... wielding a +0 scythe
              (3 damage)
             ... on level 3 of the Dungeon.
             The game lasted 00:05:53 (1679 turns).

dengdeng the Slasher (Minotaur Berserker)           Turns: 1679, Time: 00:05:54

Health: -2/40      AC:  5    Str: 27    XL:     4   Next: 67%
Magic:  3/3        EV: 12    Int:  4    God:    Trog [**....]
Gold:   84         SH:  0    Dex: 15    Spells: 3/3 levels left

rFire    . . .     SeeInvis .   a - +0 falchion
rCold    . . .     Gourm    .   (no shield)
rNeg     . . .     Faith    .   d - +0 ring mail
rPois    .         Spirit   .   (helmet restricted)
rElec    .         Reflect  .   (no cloak)
rCorr    .         Harm     .   (no gloves)
MR       .....                  (no boots)
Stlth    +.........             (no amulet)
HPRegen  0.13/turn              j - +5 ring of strength
MPRegen  0.08/turn              n - +5 ring of dexterity

@: no status effects
A: retaliatory headbutt, horns 2
a: Berserk, Trog's Hand, Renounce Religion


You were on level 3 of the Dungeon.
You worshipped Trog.
Trog was pleased with you.
You were not hungry.

You visited 1 branch of the dungeon, and saw 3 of its levels.

You collected 84 gold pieces.

Inventory:

Hand Weapons
 a - a +0 falchion (weapon)
 v - a +0 falchion
Missiles
 i - 48 stones (quivered)
 t - 4 tomahawks of returning
Armour
 d - a +0 ring mail (worn)
Jewellery
 j - a +5 ring of strength (left hand)
 n - a +5 ring of dexterity (right hand)
 u - an uncursed ring of positive energy {unknown}
Wands
 m - a wand of random effects (24)
 q - a wand of iceblast (9)
Scrolls
 e - 3 scrolls of identify {unknown}
 f - a scroll of enchant armour {unknown}
 g - a scroll of fear {unknown}
 h - a scroll of remove curse {unknown}
 k - a scroll of teleportation {unknown}
 l - 2 scrolls of immolation {unknown}
 r - a scroll of magic mapping {unknown}
Potions
 b - a potion of mutation {unknown}
 p - a potion of might {unknown}
 s - a potion of heal wounds {unknown}
Comestibles
 c - 5 rations
 o - 13 chunks of flesh


   Skills:
 + Level 4.1 Fighting
 * Level 5.9 Long Blades
 + Level 0.2 Throwing
 + Level 2.9 Armour
 + Level 2.4 Dodging
 + Level 0.1 Stealth


You had 3 spell levels left.
You didn't know any spells.
Your spell library was empty.

Dungeon Overview and Level Annotations

Branches:
Dungeon (3/15)

Altars:
Uskayaw

Annotations:
D:3 Sigmund


Innate Abilities, Weirdness & Mutations

You reflexively headbutt those who attack you in melee.
You have a pair of horns on your head.


Message History

You hit something but do no damage.
You hear some strange, mumbled words.
A magic dart appears from out of thin air!
The magic dart hits you!
You miss something. Your headbutt misses something.
Something barely misses you.
You barely miss something. You barely miss something. Something hits you!
You miss something. Something hits you!
* * * LOW HITPOINT WARNING * * *
You hit something. You headbutt something. You hit something.
You hear some strange, mumbled words.
A magic dart appears from out of thin air!
The magic dart hits you!
* * * LOW HITPOINT WARNING * * *
You closely miss something. You headbutt something. Something hits you.
* * * LOW HITPOINT WARNING * * *
You hit something. You headbutt something. Something hits you.
You die...

#..#####.####.#
. #.
#.........#.#
.######......#.
...........#...
#
..######.#.#)##
.##
#.#.#.###....
#..........#
#####.#.#.#..##
.......@.......
####...{#.#####
##.#.#.# #.#..
. #.###.## #..
.#


There were no monsters in sight!

Vanquished Creatures
  4 adders
  3 worms
  4 leopard geckos
  3 orcs (D:3)
  2 giant cockroaches (D:2)
  4 goblins
  6 hobgoblins
  10 jackals (D:1)
  7 kobolds
  2 ball pythons
  7 bats
  3 frilled lizards (D:1)
  4 rats (D:1)
59 creatures vanquished.

Notes
Turn   | Place    | Note
-------+----------+-------------------------------------------
     0 | D:1      | dengdeng the Minotaur Berserker began the quest for the
                  | Orb.
     0 | D:1      | Reached XP level 1. HP: 19/19 MP: 0/0
    99 | D:1      | Reached skill level 4 in Long Blades
   138 | D:1      | Reached XP level 2. HP: 23/27 MP: 1/1
   285 | D:1      | Reached ** piety under Trog
   285 | D:1      | Reached XP level 3. HP: 30/33 MP: 2/2
  1095 | D:2      | Found a hide-covered altar of Uskayaw.
  1101 | D:2      | Reached skill level 5 in Long Blades
  1289 | D:2      | Reached XP level 4. HP: 40/40 MP: 3/3
  1665 | D:3      | Noticed Sigmund
  1678 | D:3      | HP: 1/40 [something (4)]
  1679 | D:3      | Slain by Sigmund

Skill      XL: |  1  2  3 |
---------------+----------+-----
Long Blades    | 4 5 |  5.9
Fighting       | 4 |  4.1
Throwing       | |  0.2
Armour         | |  2.9
Dodging        | |  2.4
Stealth        | |  0.1

Action                   |  1- 3 |  4- 6 || total
-------------------------+-------+-------++-------
Melee: Falchion          |    94 |    30 ||   124
       Headbutt          |    21 |     7 ||    28
Throw: Stone             |    12 |       ||    12
  Eat: Chunk             |     1 |     2 ||     3
Armor: Ring mail         |    31 |     4 ||    35
Dodge: Dodged            |    63 |    14 ||    77
       Rpst.: Falchion   |    13 |     2 ||    15
